 Dungeon Crawl Stone Soup version bcrawl-1.13.4 (webtiles) character file.

Game seed: 4807379453105050734

106 Felnil the Caller (level 4, 0/30 HPs)
             Began as a Vampire Summoner on Aug 19, 2019.
             Slain by an orc priest
             ... wielding a +2 hand axe of electrocution
              (11 damage)
             ... on level 3 of the Dungeon.
             The game lasted 00:13:24 (4370 turns).

Felnil the Caller (Vampire Summoner)                Turns: 4370, Time: 00:13:25

Health: 0/30       AC:  2    Str: 11    XL:     4   Next: 55%
Magic:  1/7        EV: 10    Int: 16    God:
Gold:   196        SH:  7    Dex: 15    Spells: 6/7 levels left

rFire    + . .     SeeInvis +   n - +3 falchion (flame)
rCold    + . .     Gourm    .   o - +0 shield
rNeg     + + .     Faith    .   b - +0 robe {rF+}
rPois    ∞         Spirit   .   (helmet restricted)
rElec    .         Reflect  .   (no cloak)
rCorr    .         Harm     .   (no gloves)
MR       .....                  (no boots)
Stlth    ++++......             (no amulet)
HPRegen  0.05/turn              (no ring)
MPRegen  0.10/turn              (no ring)

@: very slightly contaminated, bloodless, regenerating slowly
A: antennae 1, claws 1, fangs 3, see invisible, agile 1, unbreathing
a: no special abilities


You were on level 3 of the Dungeon.
You were bloodless.

You visited 1 branch of the dungeon, and saw 3 of its levels.

You collected 196 gold pieces.

Inventory:

Hand Weapons
 f - a +1 dagger of draining
 n - a +3 falchion of flaming (weapon)
Armour
 b - a +0 robe of fire resistance (worn)
 o - a +0 shield (worn)
Wands
 i - a wand of iceblast (9)
Scrolls
 j - a scroll of fog
Potions
 c - 9 potions of blood
 h - 2 potions of curing
 m - a potion of degeneration {unknown}


   Skills:
 - Level 2.1 Dodging
 - Level 3.2 Stealth
 - Level 2.0 Spellcasting
 + Level 6.0 Summonings


You had 6 spell levels left.
You knew the following spells:

 Your Spells              Type           Power        Failure   Level  Hunger
a - Summon Small Mammal   Summ           ###.         12%         1    #......

Your spell library contained the following spells:

 Spells                   Type           Power        Failure   Level  Hunger
 Call Imp                 Summ           ###.....     19%         2    ###....
 Call Canine Familiar     Summ           ###.....     36%         3    ###....
 Summon Ice Beast         Ice/Summ       ##......     99%         4    #####..
 Summon Lightning Spire   Summ/Air       ##......     100%        5    ######.


Dungeon Overview and Level Annotations

Branches:
Dungeon (3/12)

Altars:


Innate Abilities, Weirdness & Mutations

You heal slowly.
You are immune to poison.
You have sharp fingernails.
You have razor-sharp teeth.
You have supernaturally acute eyesight. (SInv)
You can survive without breathing.
You have a pair of small antennae on your head.
You are agile. (Dex +2)


Message History

You swap places.
Your quokka bites the orc priest.
The orc priest barely misses your quokka.
You see here a +0 robe.
Your quokka bites the orc priest but does no damage.
The orc priest closely misses your quokka.
Your quokka closely misses the orc priest.
The orc priest hits your quokka with a +2 hand axe of electrocution.
Lightning courses through your quokka!
Your quokka dies!
Your quokka's corpse disappears in a puff of smoke!
The orc priest hits your rat with a +2 hand axe of electrocution.
Your rat dies!
Your rat's corpse disappears in a puff of smoke!
You see here a +0 robe.
You hit the orc priest but do no damage.
You bite the orc priest, but do no damage.
The orc priest is lightly wounded.
The orc priest hits you with a +2 hand axe of electrocution.
You are electrocuted!
You die...

#.# ##### #.# #.#
###.#### #......#
#.#.##.###########
#.#..........[.).#
#....#.#########o###
#......# #......@..#
#....#.# #.#####.#.#
..#.##.# *,* #...#.#
#......# *,* #)###.#
###.#### *,**#†***.#
*#+** **,,,..,,,.#
**,,,** *,,,..o,,*##
*,,,,,***,*###.*,*
,,,,,,,**,***..*,*


You could see an orc priest.

Vanquished Creatures
  An orc wizard (D:3)
  An adder (D:3)
  An ooze (D:1)
  2 leopard geckos (D:1)
  A giant cockroach (D:1)
  A goblin (D:2)
  3 hobgoblins
  A quokka (D:2)
  2 rats (D:1)
13 creatures vanquished.

Vanquished Creatures (collateral kills)
  Jessica (D:3)
  A worker ant (D:3)
  An adder (D:3)
  An ooze (D:2)
  2 worms (D:2)
  A leopard gecko (D:2)
  An orc (D:3)
  A giant cockroach (D:3)
  2 goblins (D:1)
  8 hobgoblins
  A jackal (D:2)
  A quokka (D:2)
  6 bats
  3 frilled lizards
  6 kobolds
  3 rats (D:1)
39 creatures vanquished.

Grand Total: 52 creatures vanquished

Notes
Turn   | Place    | Note
-------+----------+-------------------------------------------
     0 | D:1      | Felnil the Vampire Summoner began the quest for the Orb.
     0 | D:1      | Reached XP level 1. HP: 13/13 MP: 3/3
   294 | D:1      | Reached XP level 2. HP: 14/19 MP: 1/5
  1860 | D:2      | Reached skill level 5 in Summonings
  2099 | D:2      | Reached XP level 3. HP: 24/24 MP: 2/6
  3051 | D:2      | Gained mutation: You have a pair of small antennae on your
                  | head. [potion of mutation]
  3051 | D:2      | Gained mutation: Your muscles are strong. (Str +2) [potion
                  | of mutation]
  3051 | D:2      | Gained mutation: You are frail. (-10% HP) [potion of
                  | mutation]
  3051 | D:2      | Gained mutation: Your mind is acute. (Int +2) [potion of
                  | mutation]
  3052 | D:2      | Lost mutation: You are frail. (-10% HP) [potion of
                  | mutation]
  3052 | D:2      | Lost mutation: Your muscles are strong. (Str +2) [potion of
                  | mutation]
  3052 | D:2      | Lost mutation: Your mind is acute. (Int +2) [potion of
                  | mutation]
  3052 | D:2      | Gained mutation: You are agile. (Dex +2) [potion of
                  | mutation]
  4180 | D:3      | Noticed Jessica
  4191 | D:3      | Killed Jessica
  4191 | D:3      | Reached XP level 4. HP: 30/30 MP: 1/7
  4234 | D:3      | Reached skill level 6 in Summonings
  4370 | D:3      | Slain by an orc priest

Skill      XL: |  1  2  3  4 |
---------------+-------------+-----
Summonings     | 5 6 |  6.0
Dodging        | |  2.1
Stealth        | |  3.2
Spellcasting   | |  2.0

Action                   |  1- 3 |  4- 6 || total
-------------------------+-------+-------++-------
Melee: Unarmed           |     8 |       ||     8
       Dagger            |    21 |       ||    21
       Bite              |     2 |     1 ||     3
       Falchion          |       |     7 ||     7
 Cast: Summon Small Mamm |   144 |     7 ||   151
  Use: Potion            |     3 |       ||     3
       Scroll            |     8 |       ||     8
 Stab: Distracted        |       |     1 ||     1
Armor: Robe              |    12 |     1 ||    13
Dodge: Dodged            |    40 |     3 ||    43
Block: Shield            |       |     2 ||     2
